TOP OF THE 1ST |
Charlotte Knights batting - Pitching for Nashville Sounds : RHP Jalen Cobbins
|
Pitching: RHP Jalen Cobbins
|
|
Batting: RHB Jeremy Hoffert
|
0-0: Foul Ball, location: 2F 0-1: Ball 1-1: Ball 2-1: Called Strike 2-2: Fly out, F4 (Line Drive, 4, EV 65.6 MPH)
|
Batting: RHB Jon Solano
|
0-0: Called Strike 0-1: Ground out 4-3 (Groundball, 4, EV 96.2 MPH)
|
Batting: LHB Justin Stickney
|
0-0: Ground out 1-3 (Groundball, 13, EV 67.5 MPH)
|
Top of the 1st over - 0 runs, 0 hits, 0 errors, 0 left on base; Charlotte 0 - Nashville 0 |
BOTTOM OF THE 1ST |
Nashville Sounds batting - Pitching for Charlotte Knights : LHP Joel Beery
|
Pitching: LHP Joel Beery
|
|
Batting: SHB Robert Santiago
|
0-0: Called Strike 0-1: Ball 1-1: Ball 2-1: Called Strike 2-2: Ground out 5-3 (Groundball, 5, EV 95.0 MPH)
|
Batting: LHB Tomas Segarra
|
0-0: Ball 1-0: Ball 2-0: Called Strike 2-1: Called Strike 2-2: Strikes out swinging
|
Batting: RHB Tim Cordle
|
0-0: DOUBLE (Groundball, 5L, EV 98.8 MPH)
|
Batting: RHB David Herrera
|
0-0: Ball 1-0: Foul Ball, location: 2F 1-1: Foul Ball, location: 2F 1-2: Foul Ball, location: 2F 1-2: Ball 2-2: Ball 3-2: Foul Ball, location: 2F 3-2: Foul Ball, location: 2F 3-2: Base on Balls
|
Batting: RHB Bill Cabrera
|
0-0: Ball 1-0: Ball 2-0: Ball 3-0: Called Strike 3-1: Base on Balls Tim Cordle to third David Herrera to second
|
Batting: RHB Jonathan Ellis
|
0-0: Called Strike 0-1: Called Strike 0-2: Strikes out swinging
|
Bottom of the 1st over - 0 runs, 1 hit, 0 errors, 3 left on base; Charlotte 0 - Nashville 0 |
TOP OF THE 2ND |
Charlotte Knights batting - Pitching for Nashville Sounds : RHP Jalen Cobbins
|
Batting: LHB Ricardo Pagan
|
0-0: Foul Ball, location: 2F 0-1: Foul Ball, location: 2F 0-2: Ball 1-2: Ball 2-2: Strikes out swinging
|
Batting: RHB Mark Jones
|
0-0: Swinging Strike 0-1: Reached via error on a dropped throw from 1B, E1 (Groundball, 34S, EV 75.0 MPH)
|
Batting: LHB John Thurman
|
0-0: Ball 1-0: Called Strike 1-1: Foul Ball, location: 2F 1-2: Strikes out swinging
|
Batting: RHB Kikuo Sato
|
0-0: Ball 1-0: Ball 2-0: Called Strike 2-1: Foul Ball, location: 2F 2-2: Strikes out looking
|
Top of the 2nd over - 0 runs, 0 hits, 1 error, 1 left on base; Charlotte 0 - Nashville 0 |
BOTTOM OF THE 2ND |
Nashville Sounds batting - Pitching for Charlotte Knights : LHP Joel Beery
|
Batting: RHB Wade Diamond
|
0-0: Foul Ball, location: 2F 0-1: Ball 1-1: Swinging Strike 1-2: Ground out 3-1 (Groundball, 34, EV 89.4 MPH)
|
Batting: RHB Yonetoshi Muranaka
|
0-0: Called Strike 0-1: Ball 1-1: Ball 2-1: Ball 3-1: Called Strike 3-2: Base on Balls
|
Batting: RHB Tony Crespo
|
0-0: Foul Ball, location: 2F 0-1: Fielders Choice at 2nd, 6-4 (Groundball, 6, EV 85.0 MPH)
|
Batting: SHB Robert Santiago
|
0-0: Ball 1-0: Called Strike 1-1: Ball 2-1: Ball 3-1: Base on Balls Tony Crespo to second
|
Batting: LHB Tomas Segarra
|
0-0: SINGLE (Groundball, 25, EV 69.4 MPH) (infield hit) Tony Crespo to third Robert Santiago to second
|
Batting: RHB Tim Cordle
|
0-0: Fly out, F7 (Flyball, 7, EV 79.4 MPH)
|
Bottom of the 2nd over - 0 runs, 1 hit, 0 errors, 3 left on base; Charlotte 0 - Nashville 0 |
TOP OF THE 3RD |
Charlotte Knights batting - Pitching for Nashville Sounds : RHP Jalen Cobbins
|
Batting: SHB Josh Conner
|
0-0: Called Strike 0-1: Ground out 4-3 (Groundball, 4, EV 104.4 MPH)
|
Batting: RHB Steve Waltenbery
|
0-0: Ball 1-0: Ball 2-0: Foul Ball, location: 2F 2-1: Foul Ball, location: 2F 2-2: Ball 3-2: Base on Balls
|
Batting: RHB Jeremy Hoffert
|
0-0: Ball 1-0: Ball 2-0: Ball 3-0: Called Strike 3-1: Fly out, F7 (Line Drive, 7D, EV 95.6 MPH)
|
Batting: RHB Jon Solano
|
0-0: Called Strike 0-1: Swinging Strike 0-2: Foul Ball, location: 2F 0-2: Fly out, F4 (Popup, 34, EV 75.0 MPH)
|
Top of the 3rd over - 0 runs, 0 hits, 0 errors, 1 left on base; Charlotte 0 - Nashville 0 |
BOTTOM OF THE 3RD |
Nashville Sounds batting - Pitching for Charlotte Knights : LHP Joel Beery
|
Batting: RHB David Herrera
|
0-0: DOUBLE (Line Drive, 78D, EV 101.2 MPH)
|
Batting: RHB Bill Cabrera
|
0-0: Ball 1-0: Called Strike 1-1: Called Strike 1-2: Ground out 6-3 (Groundball, 6D, EV 97.5 MPH)
|
Batting: RHB Jonathan Ellis
|
0-0: Called Strike 0-1: Foul Ball, location: 2F 0-2: Ball 1-2: Strikes out looking
|
Batting: RHB Wade Diamond
|
0-0: Called Strike 0-1: Swinging Strike 0-2: Foul Ball, location: 2F 0-2: Ball 1-2: Foul Ball, location: 2F 1-2: Strikes out swinging
|
Bottom of the 3rd over - 0 runs, 1 hit, 0 errors, 1 left on base; Charlotte 0 - Nashville 0 |
TOP OF THE 4TH |
Charlotte Knights batting - Pitching for Nashville Sounds : RHP Jalen Cobbins
|
Batting: LHB Justin Stickney
|
0-0: Ball 1-0: Called Strike 1-1: Foul Ball, location: 2F 1-2: Fly out, F8 (Line Drive, 89D, EV 100.0 MPH)
|
Batting: LHB Ricardo Pagan
|
0-0: Called Strike 0-1: Swinging Strike 0-2: Foul Ball, location: 2F 0-2: Ground out 6-3 (Groundball, 6, EV 85.6 MPH)
|
Batting: RHB Mark Jones
|
0-0: Foul Ball, location: 2F 0-1: Ball 1-1: Hit by Pitch
|
Batting: LHB John Thurman
|
0-0: SINGLE (Groundball, 4MD, EV 104.4 MPH) Mark Jones to second
|
Batting: RHB Kikuo Sato
|
0-0: Reached on error, E6 (Groundball, 6, EV 87.5 MPH) Mark Jones to third John Thurman to second
|
Batting: SHB Josh Conner
|
0-0: Called Strike 0-1: Swinging Strike 0-2: Ball 1-2: Strikes out swinging
|
Top of the 4th over - 0 runs, 1 hit, 1 error, 3 left on base; Charlotte 0 - Nashville 0 |
BOTTOM OF THE 4TH |
Nashville Sounds batting - Pitching for Charlotte Knights : LHP Joel Beery
|
Batting: RHB Yonetoshi Muranaka
|
0-0: Ball 1-0: Ball 2-0: Swinging Strike 2-1: Ball 3-1: Base on Balls
|
Batting: RHB Tony Crespo
|
0-0: Fielders Choice at 2nd, 5-4 (Groundball, 56, EV 83.1 MPH)
|
Batting: SHB Robert Santiago
|
0-0: Ball 1-0: Ball 2-0: SINGLE (Groundball, 56D, EV 101.2 MPH) Tony Crespo to second
|
Batting: LHB Tomas Segarra
|
0-0: Foul Ball, location: 2F 0-1: Ball 1-1: Ball 2-1: Fly out, F8 (Flyball, 8LM, EV 86.2 MPH)
|
Batting: RHB Tim Cordle
|
0-0: Called Strike 0-1: Foul Ball, location: 2F 0-2: Ball 1-2: Ground out 5-3 (Groundball, 56S, EV 70.6 MPH)
|
Bottom of the 4th over - 0 runs, 1 hit, 0 errors, 2 left on base; Charlotte 0 - Nashville 0 |
TOP OF THE 5TH |
Charlotte Knights batting - Pitching for Nashville Sounds : RHP Jalen Cobbins
|
Batting: RHB Steve Waltenbery
|
0-0: Ball 1-0: SINGLE (Groundball, 34D, EV 95.0 MPH)
|
Batting: RHB Jeremy Hoffert
|
0-0: Ball 1-0: Reached on error, E6 (Groundball, 6, EV 81.9 MPH) Steve Waltenbery to second
|
Batting: RHB Jon Solano
|
0-0: Grounds into double play, 6-4-3 (Groundball, 56, EV 91.9 MPH) Steve Waltenbery to third
|
Batting: LHB Justin Stickney
|
0-0: Ball 1-0: Ground out 1-3 (Groundball, 23, EV 76.9 MPH)
|
Top of the 5th over - 0 runs, 1 hit, 1 error, 1 left on base; Charlotte 0 - Nashville 0 |
BOTTOM OF THE 5TH |
Nashville Sounds batting - Pitching for Charlotte Knights : LHP Joel Beery
|
Batting: RHB David Herrera
|
0-0: Ball 1-0: Called Strike 1-1: Foul Ball, location: 2F 1-2: Ball 2-2: Foul Ball, location: 2F 2-2: Ball 3-2: Foul Ball, location: 2F 3-2: Base on Balls
|
Batting: RHB Bill Cabrera
|
0-0: Grounds into double play, 4-6-3 (Groundball, 4M, EV 83.8 MPH)
|
Batting: RHB Jonathan Ellis
|
0-0: Called Strike 0-1: SINGLE (Groundball, 34D, EV 95.6 MPH)
|
Batting: RHB Wade Diamond
|
0-0: Swinging Strike 0-1: Ball 1-1: DOUBLE (Line Drive, 9LM, EV 93.1 MPH) Jonathan Ellis to third Runner from 3rd tries for Home, throw by RF and OUT! 9-4-2
|
Bottom of the 5th over - 0 runs, 2 hits, 0 errors, 1 left on base; Charlotte 0 - Nashville 0 |
TOP OF THE 6TH |
Charlotte Knights batting - Pitching for Nashville Sounds : RHP Jalen Cobbins
|
Batting: LHB Ricardo Pagan
|
0-0: Called Strike 0-1: Foul Ball, location: 2F 0-2: DOUBLE (Line Drive, 7LM, EV 101.2 MPH)
|
Batting: RHB Mark Jones
|
0-0: Called Strike 0-1: Foul Ball, location: 2F 0-2: Ball 1-2: SINGLE (Groundball, 4MD, EV 98.1 MPH) Ricardo Pagan to third
|
Batting: LHB John Thurman
|
0-0: Called Strike 0-1: Called Strike 0-2: Fly out, F7 (Flyball, 7, EV 86.2 MPH)
|
Batting: RHB Kikuo Sato
|
0-0: Ball 1-0: Called Strike 1-1: Fly out, F9 (Flyball, 89D, EV 103.8 MPH) Runner from 3rd tags up, OUT at HOME! 9-2
|
Top of the 6th over - 0 runs, 2 hits, 0 errors, 1 left on base; Charlotte 0 - Nashville 0 |
BOTTOM OF THE 6TH |
Nashville Sounds batting - Pitching for Charlotte Knights : LHP Joel Beery
|
Batting: RHB Yonetoshi Muranaka
|
0-0: Swinging Strike 0-1: Foul Ball, location: 2F 0-2: Foul Ball, location: 2F 0-2: Ground out 6-3 (Groundball, 56, EV 104.4 MPH)
|
Batting: RHB Tony Crespo
|
0-0: Ground out U3 (Groundball, 3, EV 94.4 MPH)
|
Batting: SHB Robert Santiago
|
0-0: Ball 1-0: Ball 2-0: Ball 3-0: Called Strike 3-1: Base on Balls
|
Batting: LHB Tomas Segarra
|
0-0: Ground out U3 (Groundball, 3, EV 103.1 MPH)
|
Bottom of the 6th over - 0 runs, 0 hits, 0 errors, 1 left on base; Charlotte 0 - Nashville 0 |
TOP OF THE 7TH |
Charlotte Knights batting - Pitching for Nashville Sounds : RHP Jalen Cobbins
|
Batting: SHB Josh Conner
|
0-0: Ball 1-0: Ball 2-0: SINGLE (Groundball, 6D, EV 106.2 MPH)
|
Batting: RHB Steve Waltenbery
|
0-0: Sac Bunt to 3S - play at first, batter OUT! 3-4 Josh Conner to second
|
Batting: RHB Jeremy Hoffert
|
0-0: Ball 1-0: Foul Ball, location: 2F 1-1: Called Strike 1-2: Ground out 4-3 (Groundball, 34D, EV 85.0 MPH) Josh Conner to third
|
Batting: RHB Jon Solano
|
0-0: Called Strike 0-1: Called Strike 0-2: Ball 1-2: Foul Ball, location: 2F 1-2: Foul Ball, location: 2F 1-2: Foul Ball, location: 2F 1-2: Ball 2-2: Ball 3-2: Base on Balls
|
Batting: LHB Justin Stickney
|
0-0: Ball 1-0: Foul Ball, location: 2F 1-1: Swinging Strike 1-2: Foul Ball, location: 2F 1-2: Ball 2-2: Foul Ball, location: 2F 2-2: Foul Ball, location: 2F 2-2: Strikes out looking
|
Top of the 7th over - 0 runs, 1 hit, 0 errors, 2 left on base; Charlotte 0 - Nashville 0 |
BOTTOM OF THE 7TH |
Nashville Sounds batting - Pitching for Charlotte Knights : LHP Joel Beery
|
Pitching: RHP Dicky Goedhart
|
|
Batting: RHB Tim Cordle
|
0-0: Foul Ball, location: 2F 0-1: Swinging Strike 0-2: Ball 1-2: Strikes out swinging
|
Batting: RHB David Herrera
|
0-0: Foul Ball, location: 2F 0-1: Ball 1-1: Foul Ball, location: 2F 1-2: SINGLE (Line Drive, 89S, EV 100.6 MPH)
|
Batting: RHB Bill Cabrera
|
0-0: Ball 1-0: Called Strike 1-1: Foul Ball, location: 2F 1-2: Strikes out looking
|
Batting: RHB Jonathan Ellis
|
0-0: Ball 1-0: Ball 2-0: Ball 3-0: Called Strike 3-1: DOUBLE (Flyball, 8RXD, EV 100.6 MPH) David Herrera to third
|
Batting: RHB Wade Diamond
|
0-0: Ball 1-0: Ground out U3 (Groundball, 3, EV 79.4 MPH)
|
Bottom of the 7th over - 0 runs, 2 hits, 0 errors, 2 left on base; Charlotte 0 - Nashville 0 |
TOP OF THE 8TH |
Charlotte Knights batting - Pitching for Nashville Sounds : RHP Jalen Cobbins
|
Pitching: RHP Kevin Endsley
|
|
Batting: LHB Ricardo Pagan
|
0-0: Ball 1-0: Ball 2-0: Ball 3-0: Base on Balls
|
Batting: RHB Mark Jones
|
0-0: Fly out, F7 (Flyball, 7, EV 86.9 MPH)
|
Batting: LHB John Thurman
|
0-0: Ball 1-0: Ball 2-0: Called Strike 2-1: Called Strike 2-2: Ball 3-2: Fielders Choice at 2nd, 4-6 (Groundball, 4, EV 93.8 MPH)
|
Pinch Hitting: LHB Adam Tarbutton
|
0-0: Ball 1-0: Ball 2-0: Called Strike 2-1: Fly out, F9 (Flyball, 9, EV 85.6 MPH)
|
Top of the 8th over - 0 runs, 0 hits, 0 errors, 1 left on base; Charlotte 0 - Nashville 0 |
BOTTOM OF THE 8TH |
Nashville Sounds batting - Pitching for Charlotte Knights : RHP Dicky Goedhart
|
Pitching: RHP Chris Worster
|
|
Now in LF: Adam Tarbutton
|
|
Now in CF: Jeremy Hoffert
|
|
Pinch Hitting: LHB Gregg Power
|
0-0: Fly out, F7 (Flyball, 78M, EV 90.0 MPH)
|
Batting: RHB Tony Crespo
|
0-0: Ball 1-0: Called Strike 1-1: Called Strike 1-2: Ball 2-2: Ball 3-2: Base on Balls
|
Batting: SHB Robert Santiago
|
0-0: Ball 1-0: Ball 2-0: Ball Tony Crespo steals 2nd base 3-0: Called Strike 3-1: Called Strike 3-2: Foul Ball, location: 2F 3-2: Foul Ball, location: 2F 3-2: DOUBLE (Line Drive, 8LXD, EV 108.8 MPH) Tony Crespo scores
|
Batting: LHB Tomas Segarra
|
0-0: Ball 1-0: Ball 2-0: Ball 3-0: Called Strike 3-1: Base on Balls
|
Batting: RHB Tim Cordle
|
0-0: Called Strike 0-1: Fly out, F3 (Popup, 3S, EV 74.4 MPH)
|
Pitching: LHP Silas Chartier
|
|
Batting: RHB David Herrera
|
0-0: Ball 1-0: Ball 2-0: Swinging Strike 2-1: Ball 3-1: Base on Balls Robert Santiago to third Tomas Segarra to second
|
Batting: RHB Bill Cabrera
|
0-0: Called Strike 0-1: Ball 1-1: Ground out 5-3 (Groundball, 56S, EV 68.1 MPH)
|
Bottom of the 8th over - 1 run, 1 hit, 0 errors, 3 left on base; Charlotte 0 - Nashville 1 |
TOP OF THE 9TH |
Charlotte Knights batting - Pitching for Nashville Sounds : RHP Kevin Endsley
|
Pitching: RHP Andrew Douglas
|
|
Now at C: Gregg Power
|
|
Now at 1B: Zachary DeLuca
|
|
Now at 2B: Tony Crespo
|
|
Now in LF: Wade Diamond
|
|
Now in RF: Ruben Garza
|
|
Batting: SHB Josh Conner
|
0-0: Foul Ball, location: 2F 0-1: Ground out 6-3 (Groundball, 6S, EV 71.9 MPH)
|
Pinch Hitting: SHB Ethan Villalobos
|
0-0: Called Strike 0-1: Fly out, F7 (Flyball, 78M, EV 95.6 MPH)
|
Batting: RHB Jeremy Hoffert
|
0-0: Ground out U3 (Groundball, 3, EV 100.6 MPH)
|
Top of the 9th over - 0 runs, 0 hits, 0 errors, 0 left on base; Charlotte 0 - Nashville 1 |
|